 Dungeon Crawl Stone Soup version 0.30.2 (webtiles) character file.

Game seed: 1615019868791496168

3927 porpoise the Spear-Bearer (level 10, -4/77 (79) HPs)
             Began as a Demonspawn Gladiator on Apr 13, 2024.
             Was a Priest of Fedhas.
             Killed from afar by Psyche (12 damage)
             ... with a bolt of acid
             ... on level 8 of the Dungeon.
             The game lasted 00:21:41 (9324 turns).

porpoise the Spear-Bearer (Demonspawn Gladiator)    Turns: 9324, Time: 00:21:42

HP:   -4/77 (79)    AC: -8    Str: 18    XL:     10   Next: 1%
MP:   15/15         EV: 15    Int: 10    God:    Fedhas [***...]
Gold: 21            SH:  0    Dex: 15    Spells: 9/9 levels left

rFire   . . .        a - melded +2 trident (venom)
rCold   . . .        (shield currently unavailable)
rNeg    . . .        H - melded +0 steam dragon scales
rPois   .            c - melded +0 helmet
rElec   .            J - melded +0 cloak
rCorr   .            m - melded +0 pair of gloves
SInv    .            (boots currently unavailable)
Will    .....        (no amulet)
Stlth   +            (ring currently unavailable)
HPRegen 0.32/turn    (ring currently unavailable)
MPRegen 0.28/turn

%: no passive effects
@: pig-form, corroded, slowed, lightly drained
A: fast, no casting, small, (claws 1), (large bone plates 2), foul stench 1,
magic regeneration
a: Renounce Religion, Wall of Briars, Grow Ballistomycete


You were on level 8 of the Dungeon.
You worshipped Fedhas.
Fedhas was most pleased with you.
You were a filthy swine.
You visited 1 branch of the dungeon, and saw 8 of its levels.

You collected 370 gold pieces.
You spent 349 gold pieces at shops.

Inventory:

Hand Weapons
 a - a +2 trident of venom (melded)
 b - a +1 sling of flaming
 n - a +0 sling of freezing
 v - a +2 dagger of draining
 x - a +0 trident
Missiles
 d - 3 throwing nets (quivered)
 e - a javelin
 j - 9 poisoned darts
Armour
 c - a +0 helmet (melded)
 m - a +0 pair of gloves (melded)
 B - a +0 hat of stealth
 H - +0 steam dragon scales (melded)
 J - a +0 cloak (melded)
Wands
 u - a wand of flame (54)
 E - a wand of roots (12)
 I - a wand of polymorph (11)
Scrolls
 f - 3 scrolls of amnesia
 i - a scroll of fog
 o - 2 scrolls of teleportation
 p - 2 scrolls of blinking
 t - a scroll of poison
 w - 3 scrolls of magic mapping
 z - a scroll of noise
 D - a scroll of vulnerability {unknown}
 G - a scroll of silence {unknown}
Potions
 g - 2 potions of might
 h - a potion of lignification {unknown}
 k - 2 potions of resistance
 l - a potion of heal wounds
 q - 3 potions of flight
 r - 4 potions of curing
 s - 2 potions of berserk rage
 A - a potion of cancellation {unknown}
 C - a potion of degeneration {unknown}
 F - a potion of attraction {unknown}


   Skills:
 - Level 7.0 Fighting
 * Level 10.0 Polearms
 - Level 1.7 Throwing
 + Level 2.5 Armour
 - Level 2.6 Dodging
 - Level 7.0 Invocations
 + Level 3.5 Evocations


You had 9 spell levels left.
You didn't know any spells.
Your spell library contained the following spells:

 Spells                   Type           Power      Damage    Failure   Level
 Apportation              Tloc           0%         N/A       36%         1
 Magic Dart               Conj           0%         1d3       36%         1
 Necrotise                Necr           0%         1d4       36%         1
 Summon Small Mammal      Summ           0%         N/A       36%         1
 Searing Ray              Conj           0%         2d4       50%         2
 Fulminant Prism          Conj/Hex       0%         3d5       98%         4


Dungeon Overview and Level Annotations

Branches:
Dungeon (8/15)             Temple (0/1) D:5
   Lair: D:8-11

Altars:
Ashenzari
Fedhas
Kikubaaqudgha
Okawaru
Qazlal
Xom
Yredelemnul

Shops:
D:4 (   D:6 =   D:7 *?*

Annotations:
D:8 Psyche


Innate Abilities, Weirdness & Mutations

You are a filthy swine.
You move quickly.
Your equipment is almost entirely melded.
You are incapable of wielding weapons or throwing items.
You cannot cast spells.
((You have sharp fingernails.))
((You are mostly covered in large bone plates. (SH +6)))
You may rarely emit foul miasma when damaged in melee.
You regenerate magic rapidly.


Message History

You kill the lemure!
That felt strangely unrewarding.
You hit something but do no damage.
You hear some strange, mumbled words.
You turn into a filthy swine.
Your +2 trident of venom melds into your body.
Your +0 cloak melds into your body.
Your +0 helmet melds into your body.
Your +0 pair of gloves melds into your body.
Your +0 steam dragon scales melds into your body.
Your +2 trident of venom stops dripping with poison.
You barely miss something.
You hear some strange, mumbled words.
A swirling arc of seething chaos appears!
An arc of chaos appears from out of thin air!
The arc of chaos hits you!
You feel yourself slow down.
You miss something. Something barely misses you.
You hear a zap.
A bolt of acid appears from out of thin air!
The bolt of acid misses you. Something hits you! Something freezes you.
You hear a zap.
A bolt of acid appears from out of thin air!
The bolt of acid hits you!! The acid corrodes you!
You hear some strange, mumbled words.
Something hits you.
You feel drained.
You hear a zap.
A bolt of acid appears from out of thin air!
The bolt of acid hits you!!
* * * LOW HITPOINT WARNING * * *
The acid corrodes you! Something hits you!
* * * LOW HITPOINT WARNING * * *
Something burns you.
* * * LOW HITPOINT WARNING * * *
You emit a cloud of foul miasma!
You hear a zap.
A bolt of acid appears from out of thin air!
The bolt of acid hits you!
You die...
Fedhas appreciates your contribution to the ecosystem.

##.##...##
.....(...######
#.........#
##.######.# ##
#.# #☼# #{# #.#
####### #h#
#.....# #.#
####.....# #.#
##........# #.#
...##.....# #.#
.####.....# #.#
.# ####### #.#
.# #.# .# #.#


There were no monsters in sight!

Vanquished Creatures
  Maurice (D:8)
  Maggie (D:8)
  A hornet (D:7)
  Sigmund (D:5)
  Edmund (D:4)
  An orc warrior (D:8)
  4 sky beasts
  3 black bears
  2 centaurs
  An ogre (D:8)
  2 lemures (D:8)
  A bullfrog (D:8)
  8 scorpions
  5 wights (D:8)
  2 electric eels (D:8)
  A howler monkey (D:8)
  4 jellies
  An orc priest (D:8)
  A gnoll bouda (D:6)
  3 hounds
  Ijyb (D:4)
  2 iguanas (D:5)
  9 orc wizards
  Robin (D:2)
  5 adders
  7 gnolls
  A shadow imp (D:5)
  A white imp (D:8)
  An ufetubus (D:6)
  2 worms
  4 dart slugs
  32 orcs
  6 bats
  2 endoplasms (D:2)
  3 giant cockroaches
  18 goblins
  18 hobgoblins
  9 jackals
  4 quokkas
  5 ball pythons
  6 frilled lizards
  12 kobolds
  4 rats
  A spectral hobgoblin (D:3)
198 creatures vanquished.

Vanquished Creatures (others)
  A sleepcap (D:7)
  An orc (D:7)
2 creatures vanquished.

Grand Total: 200 creatures vanquished

Notes
Turn   | Place    | Note
-------+----------+-------------------------------------------
     0 | D:1      | porpoise the Demonspawn Gladiator began the quest for the
                  | Orb.
     0 | D:1      | Reached XP level 1. HP: 16/16 MP: 1/1
   116 | D:1      | Reached skill level 3 in Polearms
   156 | D:1      | Gained mutation: You are partially covered in large bone
                  | plates. (SH +4) [demonic ancestry]
   156 | D:1      | Reached XP level 2. HP: 18/22 MP: 2/2
   459 | D:1      | Gained mutation: You may rarely emit foul miasma when
                  | damaged in melee. [demonic ancestry]
   459 | D:1      | Reached XP level 3. HP: 25/28 MP: 3/3
  1288 | D:2      | Reached skill level 4 in Polearms
  1321 | D:2      | Gained mutation: You regenerate magic rapidly. [demonic
                  | ancestry]
  1321 | D:2      | Reached XP level 4. HP: 26/35 MP: 4/4
  1333 | D:2      | Noticed Robin
  1365 | D:2      | Killed Robin
  2201 | D:3      | Found a faded altar of an unknown god.
  2238 | D:3      | Noticed a scorpion
  2255 | D:3      | Killed a scorpion
  2256 | D:3      | Reached XP level 5. HP: 31/41 MP: 5/5
  2337 | D:3      | Found a blossoming altar of Fedhas.
  2356 | D:3      | Became a worshipper of Fedhas Madash
  2768 | D:4      | Found Yzol's Antique Weapon Shop.
  2800 | D:4      | Noticed Edmund
  2825 | D:4      | Killed Edmund
  2826 | D:4      | Reached skill level 5 in Polearms
  2826 | D:4      | Reached skill level 1 in Invocations
  2826 | D:4      | Gained mutation: You have sharp fingernails. [demonic
                  | ancestry]
  2826 | D:4      | Reached XP level 6. HP: 20/48 MP: 5/7
  3076 | D:4      | Noticed Ijyb
  3085 | D:4      | Killed Ijyb
  3187 | D:4      | Bought a runed trident for 162 gold pieces
  3558 | D:5      | Entered Level 5 of the Dungeon
  3637 | D:5      | Found an iron altar of Okawaru.
  3659 | D:5      | Reached * piety under Fedhas
  3666 | D:5      | Gained mutation: You are mostly covered in large bone
                  | plates. (SH +6) [demonic ancestry]
  3666 | D:5      | Reached XP level 7. HP: 55/55 MP: 9/9
  3671 | D:5      | Reached skill level 6 in Polearms
  3739 | D:5      | Noticed Sigmund
  3748 | D:5      | Killed Sigmund
  3749 | D:5      | Reached skill level 5 in Fighting
  3862 | D:5      | Reached XP level 8. HP: 48/62 MP: 11/11
  3876 | D:5      | Reached skill level 7 in Polearms
  4184 | D:5      | Reached ** piety under Fedhas
  4391 | D:5      | Found a staircase to the Ecumenical Temple.
  4422 | D:5      | Found a broken altar of Ashenzari.
  4680 | D:6      | Reached skill level 5 in Invocations
  4858 | D:6      | Found Koj Zyc's Jewellery Shop.
  5364 | D:6      | Reached skill level 8 in Polearms
  5929 | D:7      | Reached XP level 9. HP: 70/70 MP: 13/13
  6791 | D:7      | Found Fivon's Assorted Antiques.
  6798 | D:7      | Bought a fizzy cyan potion for 23 gold pieces
  6798 | D:7      | Bought a scroll labelled YCOTWA REUQANG for 26 gold pieces
  6798 | D:7      | Bought a scroll labelled POTEGIE UCSU for 26 gold pieces
  6857 | D:7      | Found Okaopp's General Store.
  6946 | D:7      | Found a basalt altar of Yredelemnul.
  6947 | D:7      | Found a stormy altar of Qazlal.
  7072 | D:7      | Found Xuet's Magic Scroll Emporium.
  7201 | D:8      | Noticed Maggie
  7218 | D:8      | Killed Maggie
  7219 | D:8      | Reached skill level 9 in Polearms
  7219 | D:8      | Reached skill level 1 in Evocations
  7383 | D:8      | Noticed Maurice
  7408 | D:8      | Killed Maurice
  7409 | D:8      | Reached skill level 1 in Armour
  7511 | D:8      | Reached *** piety under Fedhas
  7727 | D:8      | Found an ancient bone altar of Kikubaaqudgha.
  7730 | D:8      | Found a shimmering altar of Xom.
  8333 | D:8      | Reached skill level 10 in Polearms
  8936 | D:4      | Bought a runed sling for 112 gold pieces
  9044 | D:8      | Reached XP level 10. HP: 54/79 MP: 15/15
  9297 | D:8      | Noticed Psyche
  9324 | D:8      | Killed from afar by Psyche

Illustrated notes

Levels and vault maps discovered:
D:1:      dpeg_arrival_castle, layout_rooms
D:2:      layout_loops_cross, uniq_robin
D:3:      layout_basic, fedhas_ov_isle_minmay,
          dreamdust_ecumenical_altar_drowned_temple
D:4:      layout_loops_ring, serial_shops, shop, uniq_ijyb, uniq_edmund
D:5:      corexii_shantytown, layout_basic,
          mainiacjoe_overflow_concentric_impassable,
          mainiacjoe_overflow_six_doors_small, uniq_sigmund
D:6:      layout_rooms, serial_shops, nicolae_stop_n_shop_2
D:7:      layout_loops_ring, amethyst_overflow_temple_binary, serial_shops,
          shop, nicolae_shop_peninsula, shop, dk_rats_in_the_wall
D:8:      layout_loops_cross, nicolae_overflow_squiral, nicolae_zen_rock_garden,
          kennysheep_flooded_box, grunt_ogre_cave, uniq_maurice, uniq_psyche,
          uniq_pikel, uniq_maggie

Skill      XL: |  1  2  3  4  5  6  7  8  9 |
---------------+----------------------------+-----
Polearms       | 3 4 5 6 8 10 | 10.0
Fighting       | 3 4 5 6 7 |  7.0
Invocations    | 1 3 4 6 7 |  7.0
Evocations     | 3 |  3.5
Armour         | 2 |  2.5
Throwing       | |  1.7
Dodging        | |  2.6

Action                     |  1- 3 |  4- 6 |  7- 9 | 10-12 || total
---------------------------+-------+-------+-------+-------++-------
  Melee: Trident           |   123 |   198 |   384 |    12 ||   717
         Punch             |     3 |       |     3 |       ||     6
         Unarmed           |       |       |       |     2 ||     2
   Fire: Sling             |       |     7 |       |       ||     7
  Throw: Throwing net      |       |     3 |       |       ||     3
         Dart              |       |     2 |       |       ||     2
         Javelin           |       |     1 |       |       ||     1
  Evoke: Wand              |       |       |     3 |       ||     3
    Use: Scroll            |       |       |    12 |       ||    12
         Potion            |       |       |     1 |       ||     1
   Stab: Sleeping          |     2 |     1 |     1 |       ||     4
         Distracted        |     1 |       |       |       ||     1
         Held in net/web   |       |     2 |       |       ||     2
 Armour: Leather armour    |    28 |    10 |       |       ||    38
         Ring mail         |       |    29 |    74 |       ||   103
         Steam dragon scal |       |       |    12 |       ||    12
  Dodge: Dodged            |    57 |    70 |   105 |     5 ||   237
  Block: Other             |    13 |    16 |    66 |     1 ||    96
